AoeStats
← cory2045

Arabia

510245589Analyzed
3v3 RM · 2d ago on Sep 30, 2026· 39m 17s· 6 players
Game mode
Random Map
Map size
Normal (6 player)
Population
200
Speed
Normal
Resources
Standard
Victory
Conquest
Starting age
Dark Age
Ending age
Imperial Age
RankedLock teamsTeams togetherTeam positionsShared explorationLock speedFull tech treeHidden civsTurbo modeCheats
Victory
Defeat
🇫🇷 Khmer · France
1328
+15
🇺🇸 Saxons · United States
1294
+17
🇵🇪 Franks · Peru
1289
+17
🇨🇴 Magyars · Colombia
1460
-22
🇦🇷 Portuguese · Argentina
1353
-18
🇦🇷 Goths · Argentina
1130
-9
cory2045
6:23 Loom
9:09 Feudal Age
9:50 Double-Bit Axe
16:35 Castle Age
15:00 Horse Collar
15:54 Fletching
16:11 Gold Mining
18:10 Bow Saw
26:00 Heavy Plow
27:10 Wheelbarrow
33:41 Imperial Age
32:16 Town Watch
32:47 Hand Cart
33:51 Scale Mail Armor
34:01 Forging
33:50 Gambesons
34:05 Squires
33:51 Arson
36:06 Chain Mail Armor
36:27 Iron Casting
35:47 Onager
38:03 Chemistry
38:02 Plate Mail Armor
38:41 Bodkin Arrow
39:38 Siege Engineers
lcastillov22
6:48 Loom
9:33 Feudal Age
10:30 Double-Bit Axe
12:56 Wheelbarrow
21:04 Castle Age
19:43 Scale Barding Armor
19:49 Forging
20:13 Gold Mining
21:50 Husbandry
22:18 Chain Barding Armor
22:23 Bow Saw
23:17 Hand Cart
23:21 Town Watch
25:46 Iron Casting
27:20 Gold Shaft Mining
28:54 Stone Mining
36:01 Imperial Age
33:42 Padded Archer Armor
33:32 Fletching
34:52 Town Patrol
36:43 Ballistics
36:41 Leather Archer Armor
36:21 Bodkin Arrow
37:11 Conscription
36:40 Elite Throwing Axeman
39:54 Chemistry
Dedpool_Aoe
5:47 Loom
8:12 Feudal Age
8:43 Double-Bit Axe
13:41 Wheelbarrow
14:21 Forging
20:27 Castle Age
19:23 Bloodlines
19:29 Scale Barding Armor
20:31 Horse Collar
21:33 Bow Saw
23:20 Chain Barding Armor
25:01 Iron Casting
27:48 Husbandry
40:21 Imperial Age
38:09 Hand Cart
SAVAANT97_TTV
7:28 Loom
10:05 Feudal Age
14:10 Castle Age
15:45 Double-Bit Axe
15:51 Gold Mining
22:21 Fletching
27:00 Forging
28:37 Bloodlines
30:52 Bodkin Arrow
JAGR | DesNoguns
7:24 Loom
9:36 Feudal Age
10:04 Double-Bit Axe
10:01 Horse Collar
16:14 Town Watch
19:09 Castle Age
18:26 Scale Mail Armor
20:01 Bow Saw
20:00 Scale Barding Armor
20:56 Husbandry
21:18 Gold Mining
21:44 Bloodlines
31:12 Fletching
35:00 Wheelbarrow
mirkotlv
6:27 Loom
12:19 Feudal Age
13:21 Double-Bit Axe
15:10 Horse Collar
20:56 Castle Age
19:05 Gold Mining
19:35 Stone Mining
19:54 Fishing Lines
21:36 Wheelbarrow
21:55 Bow Saw
22:49 Squires
23:00 Gillnets
24:46 Pikeman
26:26 Town Watch
27:14 Scale Mail Armor
27:59 Forging
31:42 Imperial Age
29:50 Chain Mail Armor
30:10 Iron Casting
31:51 Stone Shaft Mining
31:42 Hand Cart
32:44 Town Patrol
34:41 Two-Man Saw
33:13 Halberdier
35:05 Chemistry
34:17 Heavy Plow
36:43 Conscription
37:43 Fletching
Connection lost

Rejoining the realm…

Still unreachable

The connection could not be restored.

Session expired

The server has moved on; the page needs a fresh start.